 Dungeon Crawl Stone Soup version 0.29-a0-824-gd827844252 (webtiles) character file.

Game seed: 3496053683560309387

2011 coolguy69 the Covert (level 9, -3/46 HPs)
             Began as a Vine Stalker Monk on July 10, 2022.
             Was a Priest of Okawaru.
             Slain by a centaur (5 damage)
             ... on level 6 of the Dungeon.
             The game lasted 00:06:55 (5128 turns).

coolguy69 the Covert (Vine Stalker Monk)            Turns: 5128, Time: 00:06:55

Health: -3/46      AC:  8    Str: 18      XL:     9   Next: 22%
Magic:  0/11       EV: 13    Int:  9 (10) God:    Okawaru [***...]
Gold:   319        SH:  0    Dex: 16 (17) Spells: 8/8 levels left

rFire   . . .      SeeInvis .   q - +2 dagger (venom)
rCold   . . .      Faith    .   (no shield)
rNeg    . . .      Spirit   +   g - +0 leather armour
rPois   .          Reflect  .   p - +1 helmet
rElec   .          Harm     .   (no cloak)
rCorr   .          Rampage  .   (no gloves)
Will    +....                   r - +2 pair of boots
Stlth   ++++......              (no amulet)
HPRegen 0.95/turn               (no ring)
MPRegen 0.12/turn               (no ring)

@: unable to drink
A: fangs 3, regeneration 1, magic shield, antimagic bite, no potion heal 2,
deterioration 1, inability to drink while threatened 1
a: Renounce Religion, Heroism


You were on level 6 of the Dungeon.
You worshipped Okawaru.
Okawaru was most pleased with you.
You visited 2 branches of the dungeon, and saw 7 of its levels.

You collected 319 gold pieces.

Inventory:

Hand Weapons
 q - a +2 dagger of venom (weapon)
Armour
 g - a +0 leather armour (worn)
 p - a +1 helmet (worn)
 r - a +2 pair of boots (worn)
Jewellery
 t - a ring of flight
 u - a ring of resist corrosion
 y - an amulet of magic regeneration
 A - a +6 ring of dexterity
Wands
 k - a wand of iceblast (4)
 m - a wand of mindburst (8)
Scrolls
 l - a scroll of amnesia {unknown}
 o - a scroll of vulnerability {unknown}
 s - 3 scrolls of poison {unknown}
 v - a scroll of torment {unknown}
 w - a scroll of magic mapping
 x - 3 scrolls of teleportation
 z - a scroll of fog
Potions
 a - 3 potions of curing {unknown}
 b - 2 potions of invisibility {unknown}
 c - a potion of ambrosia
 d - 5 potions of heal wounds {unknown}
 e - 4 potions of brilliance {unknown}
 f - a potion of berserk rage {unknown}
 h - a potion of attraction {unknown}
 i - a potion of flight {unknown}
 j - 2 potions of magic {unknown}
 n - a potion of might {unknown}


   Skills:
 + Level 4.8 Fighting
 + Level 6.5 Short Blades
 + Level 3.0 Armour
 + Level 4.0 Dodging
 + Level 8.7 Stealth
 * Level 1.5 Invocations


You had 8 spell levels left.
You didn't know any spells.
Your spell library contained the following spells:

 Spells                   Type           Power      Damage    Failure   Level
 Blink                    Tloc           0%         N/A       58%         2
 Manifold Assault         Tloc           0%         N/A       100%        5
 Storm Form               Tmut/Air       0%         N/A       100%        7


Dungeon Overview and Level Annotations

Branches:
Dungeon (6/15)             Temple (1/1) D:4

Altars:
Ashenzari
Cheibriados
Elyvilon
Fedhas
Hepliaklqana
Nemelex Xobeh
Okawaru
Sif Muna
Uskayaw
Vehumet
Wu Jian
Xom
Yredelemnul
Zin
The Shining One


Innate Abilities, Weirdness & Mutations

You have razor-sharp teeth.
Your natural rate of healing is unusually fast.
When hurt, damage is shared between your health and your magic reserves.
Your bite disrupts and absorbs the magic of your enemies.
Potions cannot restore your health.
Your body sometimes deteriorates upon taking damage.
You occasionally lose the ability to drink potions when taking damage.


Message History

The ice beast looks as sick as possible!
The ice beast is severely wounded.
The ice beast hits you but does no damage.
You hit the ice beast but do no damage.
The ice beast is almost dead.
The ice beast barely misses you.
You hit the ice beast.
You kill the ice beast!
Okawaru accepts your kill.
The centaur shoots an arrow.
The arrow hits you.
The centaur shoots an arrow.
The arrow hits you.
The centaur shoots an arrow.
The arrow hits you!
The centaur shoots an arrow.
The arrow hits you.
The centaur shoots an arrow.
The arrow hits you.
The centaur shoots an arrow.
The arrow hits you.
The centaur shoots an arrow.
The arrow hits you.
The centaur shoots an arrow.
The arrow hits you!
Your body deteriorates!
You feel clumsy.
The centaur shoots an arrow.
The arrow hits you!
You feel threatened and lose the ability to drink potions!
Your body deteriorates!
You feel dopey.
The centaur shoots an arrow.
The arrow misses you.
The centaur shoots an arrow.
The arrow hits you.
The centaur shoots an arrow.
The arrow misses you.
The centaur shoots an arrow.
The arrow hits you but does no damage.
You can drink potions again.
The centaur shoots an arrow.
The arrow misses you.
You hear a shout!
You start resting.
The centaur shoots an arrow.
The arrow hits you!
You feel threatened and lose the ability to drink potions!
* * * LOW HITPOINT WARNING * * *
You cannot drink potions in your current state!
The centaur shoots an arrow.
The arrow hits you.
* * * LOW HITPOINT WARNING * * *
The centaur shoots an arrow.
The arrow hits you!
* * * LOW HITPOINT WARNING * * *
The centaur shoots an arrow.
The arrow barely misses you.
The centaur unwields a +0 shortbow.
The centaur hits you.
You die...

###### #....# . #....#
...##....# . .........#
.. ######.####..## ...
....... #..# ....
.......####.@######.....
.........##.c........#
......##....)........#
........................
......#(#####.....$.....
##### #.# #≈≈≈≈≈≈≈≈≈≈≈≈
##.####≈≈≈≈≈≈≈≈≈≈≈≈ ♣♣♣♣
#......≈≈≈≈≈≈≈≈≈≈≈≈
...♣♣
##.####≈≈≈≈≈≈≈≈≈≈≈≈


You could see a centaur.

Vanquished Creatures
  Grinder (D:3)
  Sigmund (D:4)
  Eustachio (D:4)
  Menkaure (D:6)
  A water moccasin (D:4)
  2 ice beasts (D:6)
  2 sky beasts
  An ogre (D:5)
  Blork the orc (D:4)
  2 scorpions (D:5)
  2 jellies
  3 hounds
  Jessica (D:2)
  5 iguanas
  Ijyb (D:3)
  Natasha (twice) (D:3)
  An orc wizard (D:6)
  Robin (D:2)
  3 gnolls (D:6)
  7 adders
  2 white imps
  3 worms
  6 dart slugs
  12 orcs
  7 bats
  6 endoplasms
  3 giant cockroaches
  15 goblins
  4 hobgoblins
  3 jackals (D:2)
  2 quokkas
  5 ball pythons
  3 frilled lizards
  15 kobolds
  8 rats
  A spectral orc (D:3)
  2 butterflies (D:5)
136 creatures vanquished.

Notes
Turn   | Place    | Note
-------+----------+-------------------------------------------
     0 | D:1      | coolguy69 the Vine Stalker Monk began the quest for the
                  | Orb.
     0 | D:1      | Reached XP level 1. HP: 11/11 MP: 2/2
   271 | D:1      | Found a faded altar of an unknown god.
   395 | D:1      | Reached XP level 2. HP: 16/16 MP: 3/3
  1012 | D:2      | Noticed Jessica
  1017 | D:2      | Reached XP level 3. HP: 20/20 MP: 4/4
  1031 | D:2      | Killed Jessica
  1032 | D:2      | Reached skill level 3 in Stealth
  1437 | D:2      | Reached skill level 1 in Armour
  1437 | D:2      | Gained mutation: Your natural rate of healing is unusually
                  | fast. [Vine Stalker growth]
  1437 | D:2      | Reached XP level 4. HP: 15/24 MP: 3/5
  1536 | D:2      | Noticed Robin
  1558 | D:2      | Killed Robin
  1607 | D:2      | Gained mutation: Your body sometimes deteriorates upon
                  | taking damage. [potion of mutation]
  1607 | D:2      | Gained mutation: You have hidden genetic defects. [potion
                  | of mutation]
  1607 | D:2      | Gained mutation: Your muscles are strong. (Str +4, Int/Dex
                  | -1) [potion of mutation]
  1898 | D:2      | Reached XP level 5. HP: 28/28 MP: 6/6
  1907 | D:2      | Lost mutation: Your muscles are strong. (Str +4, Int/Dex
                  | -1) [hidden defects]
  2067 | D:3      | Noticed Ijyb
  2080 | D:3      | Killed Ijyb
  2097 | D:3      | Found a basalt altar of Yredelemnul.
  2106 | D:3      | Gained mutation: You occasionally lose the ability to drink
                  | potions when taking damage. [hidden defects]
  2106 | D:3      | Lost mutation: You have hidden genetic defects. [hidden
                  | defects expressed]
  2666 | D:3      | Noticed Natasha
  2674 | D:3      | Killed Natasha
  2675 | D:3      | Reached skill level 4 in Stealth
  2699 | D:3      | Noticed Natasha
  2701 | D:3      | Killed Natasha
  2821 | D:3      | Noticed Grinder
  2823 | D:3      | Paralysed by Grinder for 3 turns
  2842 | D:3      | Killed Grinder
  2843 | D:3      | Reached skill level 5 in Stealth
  2843 | D:3      | Reached XP level 6. HP: 12/32 MP: 7/7
  3005 | D:3      | Found a snail-covered altar of Cheibriados.
  3165 | D:4      | Noticed Eustachio
  3190 | D:4      | Killed Eustachio
  3191 | D:4      | Reached XP level 7. HP: 37/37 MP: 8/8
  3238 | D:4      | Reached skill level 6 in Stealth
  3257 | D:4      | Found a staircase to the Ecumenical Temple.
  3271 | Temple   | Entered the Ecumenical Temple
  3279 | Temple   | Became a worshipper of Warmaster Okawaru
  3279 | Temple   | Reached * piety under Okawaru
  3279 | Temple   | Reached ** piety under Okawaru
  3491 | D:4      | Noticed Blork the orc
  3498 | D:4      | Killed Blork the orc
  3693 | D:4      | Reached skill level 5 in Short Blades
  3749 | D:4      | Noticed Sigmund
  3758 | D:4      | Killed Sigmund
  3759 | D:4      | Reached skill level 7 in Stealth
  3759 | D:4      | Gained mutation: You have razor-sharp teeth. [Vine Stalker
                  | growth]
  3759 | D:4      | Reached XP level 8. HP: 42/42 MP: 9/9
  3940 | D:4      | Found a hide-covered altar of Uskayaw.
  4114 | D:5      | Entered Level 5 of the Dungeon
  4211 | D:5      | Found a shimmering altar of Xom.
  4244 | D:5      | Reached *** piety under Okawaru
  4417 | D:5      | Found a radiant altar of Vehumet.
  4571 | D:5      | Reached skill level 8 in Stealth
  4612 | D:5      | Found a white marble altar of Elyvilon.
  4939 | D:6      | Noticed Menkaure
  4958 | D:6      | Killed Menkaure
  4959 | D:6      | Reached XP level 9. HP: 36/46 MP: 10/10
  4960 | D:6      | Reached skill level 1 in Invocations
  5002 | D:6      | Found a blossoming altar of Fedhas.
  5127 | D:6      | HP: 1/46 [centaur/arrow (5)]
  5128 | D:6      | Slain by a centaur

Illustrated notes

Levels and vault maps discovered:
D:1:      spicycebolla_green_bress_n_ham, layout_rooms,
          ebering_ecumenical_altar_abandoned
D:2:      layout_loops_ring, uniq_jessica, uniq_robin
D:3:      layout_loops_corners, marbit_many_paths,
          yredelemnul_forgotten_temple_becter, minivault_24,
          chequers_serial_rivers_room_b, kennysheep_path_1, uniq_ijyb,
          uniq_natasha, uniq_grinder
D:4:      layout_basic, eat_drink_and_be_merry_uskayaw,
          minmay_temple_entry_sparse_star, uniq_blork_the_orc, uniq_eustachio,
          uniq_sigmund
D:5:      layout_basic, xom_butterflies, mainiacjoe_overflow_small_starburst,
          nicolae_overflow_crystal_walls
D:6:      nicolae_whirlpool, layout_rooms, fedhas_altar_fruit_tree,
          uniq_menkaure
Temple:   hellmonk_temple_rainy

Skill      XL: |  1  2  3  4  5  6  7  8  9 |
---------------+----------------------------+-----
Fighting       | 3 4 |  4.8
Short Blades   | 3 4 5 6 |  6.5
Stealth        | 3 5 7 8 |  8.7
Armour         | 1 2 3 |  3.0
Dodging        | 3 4 |  4.0
Invocations    | 1 |  1.5

Action                   |  1- 3 |  4- 6 |  7- 9 || total
-------------------------+-------+-------+-------++-------
Melee: Short sword       |    83 |    42 |       ||   125
       Bite              |    19 |    42 |    59 ||   120
       Dagger            |       |    97 |   200 ||   297
       Punch             |       |       |     4 ||     4
Invok: Heroism           |       |       |     1 ||     1
  Use: Scroll            |       |     7 |     1 ||     8
       Potion            |       |     2 |       ||     2
 Stab: Sleeping          |     6 |    12 |    14 ||    32
       Distracted        |       |     1 |       ||     1
Armor: Robe              |    10 |       |       ||    10
       Leather armour    |    24 |    28 |    51 ||   103
Dodge: Dodged            |    64 |    52 |    97 ||   213

Table legend: (Time is in decaauts)
 A = Elapsed time spent in this place.
 B = Non-inter-level travel time spent in this place.
 C = Inter-level travel time spent in this place.
 D = Time resting spent in this place.
 E = Time spent auto-exploring this place.
 F = Levels seen in this place.
 G = Mean time per level.
                   A        B        C        D        E       F      G
               +--------+--------+--------+--------+--------+-----+--------+
         Total |   5034 |   4932 |    102 |     13 |   3897 |   7 |  719.1 |
       Dungeon |   5020 |   4924 |     96 |     13 |   3895 |   6 |  836.7 |
        Temple |     14 |      8 |      6 |      0 |      2 |   1 |   14.0 |
               +--------+--------+--------+--------+--------+-----+--------+

Top non-repeatable levels by time:
     D:3: 1058 daAuts
     D:2: 1017 daAuts
     D:1: 1001 daAuts
     D:4: 974 daAuts
     D:5: 665 daAuts
     D:6: 302 daAuts
  Temple: 14 daAuts
